Flames vs Sharks
(R1)
Created - 19 avril 2015 at 22:31
Goals
|
Flames |
0 |
1 |
0 |
1 |
Sharks |
0 |
1 |
1 |
2 |
|
Shots
|
Flames |
4 |
13 |
2 |
19 |
Sharks |
11 |
11 |
12 |
34 |
|
1st period
No Goal
Penalties :
Antoine Vermette (SJS) for Fighting (Major) at 6:35, Filip Kuba (Cal) for Fighting (Major) at 6:35, Michal Handzus (Cal) for Interference (Minor) at 11:02, Markus Naslund (SJS) for Interference (Minor) at 19:44
2nd period
1. Sharks , Markus Naslund 2 (Paul Gaustad, Ted Purcell) at 5:44
2. Flames , Tomas Kaberle 1 (Milan Hejduk, Marcel Goc) at 7:47
Penalties :
Daniel Alfredsson (SJS) for Slashing (Minor) at 8:38, Paul Gaustad (SJS) for High sticking (Minor) at 13:18
3rd period
3. Sharks , Daniel Alfredsson 2 (Joe Sakic, Paul Gaustad) at 7:07 (PP)
Penalties :
Pekka Rinne (Cal) for Slashing (Minor) at 3:55 - Steve Eminger served the penalty, Marcel Goc (Cal) for High sticking (Minor) at 6:33, Eric Staal (Cal) for Holding (Minor) at 7:47, Eric Staal (Cal) for Cross-checking (Minor) at 12:41, Lasse Kukkonen (SJS) for Tripping (Minor) at 18:34
Goalie Stats
Pekka Rinne (Cal), 32 saves from 34 shots - (0,941), L, 2-2-0, 58:46 minutes
Mike Brodeur (SJS), 18 saves from 19 shots - (0,947), W, 2-1-0, 60:00 minutes
Players Stats for Flames
Player Name G A P +/- PIM S H SB GA TA FO MP PP MP PK MP
------------------------------------------------------------------------------------
Alexander Semin 0 0 0 -1 0 1 2 2 2 0 1/3 21:09 4:16 2:19
Craig Adams 0 0 0 0 0 1 2 0 0 0 0/0 10:48 0:22 1:17
David Backes 0 0 0 -1 0 2 4 1 0 0 2/3 21:06 4:16 2:34
Derek Meech 0 0 0 0 0 0 2 0 0 0 0/0 13:37 0:00 0:54
Eric Staal 0 0 0 -1 4 3 5 2 0 0 16/30 21:24 4:16 2:42
Erik Johnson 0 0 0 -1 0 0 1 2 1 0 0/0 21:52 4:52 4:08
Filip Kuba 0 0 0 -1 5 0 0 4 0 1 0/0 21:34 2:30 4:59
Jordin Tootoo 0 0 0 0 0 1 1 0 0 0 1/1 15:51 0:00 4:30
Marcel Goc 0 1 1 1 2 3 2 0 0 0 1/4 11:36 0:22 1:48
Mark Bell 0 0 0 0 0 0 1 1 0 0 0/0 14:23 2:44 0:24
Michal Handzus 0 0 0 0 2 0 2 0 0 1 2/7 13:20 0:00 1:26
Mikhail Grabovski 0 0 0 0 0 2 2 0 0 1 0/0 8:35 0:00 0:00
Milan Hejduk 0 1 1 1 0 1 1 0 0 0 0/0 11:48 2:44 0:00
Patrik Berglund 0 0 0 0 0 2 0 0 0 0 4/6 11:21 2:44 0:00
Ron Hainsey 0 0 0 0 0 1 1 0 0 0 0/0 14:12 2:30 0:00
Steve Eminger 0 0 0 1 0 0 1 1 1 1 0/0 24:04 0:00 4:10
Steve Regier 0 0 0 1 0 0 1 0 0 0 0/0 10:05 0:22 0:00
Tomas Kaberle 1 0 1 1 0 2 1 2 1 1 0/0 24:50 4:52 2:59
Players Stats for Sharks
Player Name G A P +/- PIM S H SB GA TA FO MP PP MP PK MP
------------------------------------------------------------------------------------
Adam Mair 0 0 0 0 0 3 0 0 0 0 3/4 11:22 0:00 1:53
Alex Pietrangelo 0 0 0 -1 0 2 0 0 0 0 0/0 19:34 4:59 0:45
Antoine Vermette 0 0 0 0 5 2 3 0 1 1 8/19 16:53 4:06 0:03
Brandon Yip 0 0 0 -1 0 3 1 1 0 0 0/0 10:28 0:02 0:00
Daniel Alfredsson 1 0 1 0 2 4 3 1 1 1 1/3 19:45 3:59 1:17
Dany Heatley 0 0 0 0 0 4 2 0 0 1 2/2 23:05 4:29 4:06
David Hale 0 0 0 1 0 1 0 0 0 0 0/0 20:42 0:00 2:54
Francis Bouillon 0 0 0 0 0 1 0 0 0 0 0/0 15:32 3:31 0:01
Joe Sakic 0 1 1 -1 0 2 1 2 2 0 6/9 16:38 3:59 4:09
Johnny Boychuk 0 0 0 1 0 0 1 4 0 0 0/0 25:43 3:31 4:28
Lasse Kukkonen 0 0 0 -1 2 0 2 1 0 0 0/0 23:00 4:59 3:42
Markus Naslund 1 0 1 1 2 2 2 0 0 0 1/2 13:34 0:25 0:45
Martin Samuelsson 0 0 0 0 0 2 1 0 0 0 0/0 11:38 0:02 2:30
Niklas Sundstrom 0 0 0 0 0 0 1 0 0 0 0/0 8:05 0:00 0:00
Paul Gaustad 0 2 2 1 2 0 2 0 1 0 6/15 16:52 3:59 0:00
Shaone Morrisonn 0 0 0 0 0 0 0 0 0 0 0/0 15:28 0:00 2:54
Ted Purcell 0 1 1 1 0 4 0 1 0 2 0/0 15:23 4:29 0:00
Tuomo Ruutu 0 0 0 -1 0 4 0 0 0 0 0/0 8:51 0:00 0:01
3 Stars
1 - Tomas Kaberle (Cal)
2 - Mike Brodeur (SJS)
3 - Pekka Rinne (Cal)
Power Play
Flames - 0 on 4 Attempt(s) - 0,00%
Sharks - 1 on 5 Attempt(s) - 20,00%
Penalty Kill
Flames - 4 on 5 Attempt(s) - 80,00%
- Score 0 goal in Penalty Kill
Sharks - 4 on 4 Attempt(s) - 100,00%
- Score 0 goal in Penalty Kill
Team Stat
Flames - Hits : 29 - Faceoff Wins : 27 - Blocked Shots : 15 - Penalty Minutes : 13
Sharks - Hits : 19 - Faceoff Wins : 27 - Blocked Shots : 10 - Penalty Minutes : 13
Official
Referees : Banfield David and Rehman Kyle
Linesman : Mark Pare and Michel Cormier
Game Notes
Antoine Vermette beats up Filip Kuba at 6:35 of 1st period
Finance
Level 1 -- Attendance: 5468 (91,13%) -- Ticket Income 492 120 $
Level 2 -- Attendance: 4069 (81,38%) -- Ticket Income 244 140 $
Level 3 -- Attendance: 1449 (72,45%) -- Ticket Income 57 960 $
Level 4 -- Attendance: 4000 (100,00%) -- Ticket Income 80 000 $
Luxury Box -- Attendance: 845 (84,50%) -- Ticket Income 152 100 $
Game was played at the Hockey Place Center'
Total Attendance: 15831 (87,95%)
Total Ticket Income: 1 026 320 $
Other Income: 153 948 $
Total Income: 1 180 268 $
Flames
5 vs 5 Forward
Center Left Wing Right Wing Time % Phy DF OF
1 Eric Staal Alexander Semin David Backes 40 1 2 2
2 Michal Handzus Mark Bell Jordin Tootoo 30 1 2 2
3 Marcel Goc Steve Regier Milan Hejduk 20 1 2 2
4 Patrik Berglund Mikhail Grabovski Craig Adams 10 1 2 2
5 vs 5 Defense
Defense Defense Time % Phy DF OF
1 Tomas Kaberle Steve Eminger 40 1 2 2
2 Filip Kuba Erik Johnson 30 1 2 2
3 Derek Meech Ron Hainsey 20 1 2 2
4 Filip Kuba Steve Eminger 10 1 2 2
PowerPlay Forward
Center Left Wing Right Wing Time % Phy DF OF
1 Eric Staal Alexander Semin David Backes 60 1 2 2
2 Patrik Berglund Mark Bell Milan Hejduk 40 1 2 2
PowerPlay Defense
Defense Defense Time % Phy DF OF
1 Tomas Kaberle Erik Johnson 60 1 2 2
2 Filip Kuba Ron Hainsey 40 1 2 2
Penalty Kill 4 Players Forward
Center Wing Time % Phy DF OF
1 Eric Staal Jordin Tootoo 60 1 3 1
2 Michal Handzus Craig Adams 40 1 3 1
Penalty Kill 4 Players Defense
Defense Defense Time % Phy DF OF
1 Filip Kuba Steve Eminger 60 1 3 1
2 Tomas Kaberle Erik Johnson 40 1 3 1
Penalty Kill - 3 Players Forward
Forward Time % Phy DF OF
1 Michal Handzus 60 1 4 0
2 Craig Adams 40 1 4 0
Penalty Kill - 3 Players Defense
Defense Defense Time % Phy DF OF
1 Filip Kuba Steve Eminger 60 1 4 0
2 Tomas Kaberle Erik Johnson 40 1 4 0
4 vs 4 Forward
Center Wing Time % Phy DF OF
1 Eric Staal Alexander Semin 60 1 2 2
2 Patrik Berglund David Backes 40 1 2 2
4 vs 4 Defense
Defense Defense Time % Phy DF OF
1 Filip Kuba Steve Eminger 60 1 2 2
2 Tomas Kaberle Erik Johnson 40 1 2 2
Last Minutes Offensive
Center Left Wing Right Wing Defense Defense
Eric Staal Alexander Semin David Backes Tomas Kaberle Steve Eminger
Last Minutes Defensive
Center Left Wing Right Wing Defense Defense
Eric Staal Alexander Semin David Backes Filip Kuba Steve Eminger
Goaltenders
Starting : Pekka Rinne
Backup : Craig Anderson
Extra Forwards
Normal : Alexander Semin, Jordin Tootoo, Michal Handzus - PP : Mark Bell, Milan Hejduk - PK : David Backes
Extra Defensemen
Normal : Erik Johnson, Tomas Kaberle, Derek Meech - PP : Tomas Kaberle - PK : Erik Johnson, Filip Kuba
Penalty Shots
Eric Staal, Alexander Semin, David Backes, Milan Hejduk, Mark Bell
Sharks
5 vs 5 Forward
Center Left Wing Right Wing Time % Phy DF OF
1 Antoine Vermette Dany Heatley Daniel Alfredsson 40 1 2 2
2 Paul Gaustad Markus Naslund Ted Purcell 30 1 2 2
3 Joe Sakic Tuomo Ruutu Brandon Yip 20 1 2 2
4 Adam Mair Martin Samuelsson Niklas Sundstrom 10 1 2 2
5 vs 5 Defense
Defense Defense Time % Phy DF OF
1 David Hale Johnny Boychuk 40 1 2 2
2 Lasse Kukkonen Alex Pietrangelo 30 1 2 2
3 Shaone Morrisonn Francis Bouillon 20 1 2 2
4 Lasse Kukkonen Alex Pietrangelo 10 1 2 2
PowerPlay Forward
Center Left Wing Right Wing Time % Phy DF OF
1 Antoine Vermette Dany Heatley Ted Purcell 60 1 2 2
2 Paul Gaustad Joe Sakic Daniel Alfredsson 40 1 2 2
PowerPlay Defense
Defense Defense Time % Phy DF OF
1 Lasse Kukkonen Alex Pietrangelo 60 1 2 2
2 Francis Bouillon Johnny Boychuk 40 1 2 2
Penalty Kill 4 Players Forward
Center Wing Time % Phy DF OF
1 Joe Sakic Dany Heatley 60 1 4 0
2 Daniel Alfredsson Martin Samuelsson 40 1 4 0
Penalty Kill 4 Players Defense
Defense Defense Time % Phy DF OF
1 Lasse Kukkonen Johnny Boychuk 60 1 4 0
2 David Hale Shaone Morrisonn 40 1 4 0
Penalty Kill - 3 Players Forward
Forward Time % Phy DF OF
1 Joe Sakic 60 1 4 0
2 Martin Samuelsson 40 1 4 0
Penalty Kill - 3 Players Defense
Defense Defense Time % Phy DF OF
1 Lasse Kukkonen Johnny Boychuk 60 1 4 0
2 David Hale Shaone Morrisonn 40 1 4 0
4 vs 4 Forward
Center Wing Time % Phy DF OF
1 Daniel Alfredsson Dany Heatley 60 1 2 2
2 Paul Gaustad Markus Naslund 40 1 2 2
4 vs 4 Defense
Defense Defense Time % Phy DF OF
1 Lasse Kukkonen Alex Pietrangelo 60 1 2 2
2 Johnny Boychuk David Hale 40 1 2 2
Last Minutes Offensive
Center Left Wing Right Wing Defense Defense
Antoine Vermette Dany Heatley Daniel Alfredsson Lasse Kukkonen Alex Pietrangelo
Last Minutes Defensive
Center Left Wing Right Wing Defense Defense
Paul Gaustad Markus Naslund Joe Sakic Johnny Boychuk Shaone Morrisonn
Goaltenders
Starting : Mike Brodeur
Backup : Tyler Weiman
Extra Forwards
Normal : Antoine Vermette, Paul Gaustad, Brandon Yip - PP : Ted Purcell, Markus Naslund - PK : Dany Heatley
Extra Defensemen
Normal : Johnny Boychuk, Shaone Morrisonn, David Hale - PP : David Hale - PK : Alex Pietrangelo, Francis Bouillon
Penalty Shots
Dany Heatley, Ted Purcell, Tuomo Ruutu, Markus Naslund, Daniel Alfredsson
% Time on Ice - Flames
Lines # - Real PCT - Wanted PCT - Time Play
Normal Forward
1 - 33% - 40% - 14:36
2 - 27% - 30% - 11:55
3 - 20% - 20% - 9:02
4 - 19% - 10% - 8:35
Normal Defense
1 - 37% - 40% - 16:15
2 - 28% - 30% - 12:24
3 - 25% - 20% - 11:11
4 - 10% - 10% - 4:18
PP Forward
1 - 62% - 60% - 4:32
2 - 38% - 40% - 2:50
PP Defense
1 - 66% - 60% - 4:52
2 - 34% - 40% - 2:30
PK Forward
1 - 85% - 60% - 7:13
2 - 15% - 40% - 1:17
PK Defense
1 - 65% - 60% - 5:31
2 - 35% - 40% - 2:59
PK3 Forward
1 - 0% - 60%
2 - 0% - 40%
PK3 Defense
1 - 0% - 60%
2 - 0% - 40%
44 Forward
1 - 0% - 60%
2 - 0% - 40%
44 Defense
1 - 0% - 60%
2 - 0% - 40%
Last Minute Offensive - 0:00
Last Minute Defensive - 0:00
Total
Forward - 60:00
Defense - 60:00
|
% Time on Ice - Sharks
Lines # - Real PCT - Wanted PCT - Time Play
Normal Forward
1 - 33% - 40% - 14:39
2 - 31% - 30% - 13:46
3 - 19% - 20% - 8:20
4 - 17% - 10% - 7:23
Normal Defense
1 - 41% - 40% - 17:53
2 - 30% - 30% - 13:22
3 - 25% - 20% - 11:14
4 - 4% - 10% - 1:39
PP Forward
1 - 53% - 60% - 4:31
2 - 47% - 40% - 3:59
PP Defense
1 - 59% - 60% - 4:59
2 - 41% - 40% - 3:31
PK Forward
1 - 73% - 60% - 5:21
2 - 27% - 40% - 2:01
PK Defense
1 - 61% - 60% - 4:28
2 - 39% - 40% - 2:54
PK3 Forward
1 - 0% - 60%
2 - 0% - 40%
PK3 Defense
1 - 0% - 60%
2 - 0% - 40%
44 Forward
1 - 0% - 60%
2 - 0% - 40%
44 Defense
1 - 0% - 60%
2 - 0% - 40%
Last Minute Offensive - 0:00
Last Minute Defensive - 0:00
Total
Forward - 60:00
Defense - 60:00
|
Play by Play
1st period
0:01 of 1st period - Eric Staal wins face-off versus Antoine Vermette in neutral zone.
0:10 of 1st period - Snap shot by Daniel Alfredsson.
0:10 of 1st period - Shot Misses the Net.
0:12 of 1st period - Slapshot by Dany Heatley.
0:12 of 1st period - Shot Misses the Net.
0:14 of 1st period - Wrist shot by Dany Heatley.
0:14 of 1st period - Shot Misses the Net.
1:54 of 1st period - Off-side.
1:55 of 1st period - Antoine Vermette wins face-off versus Michal Handzus in neutral zone.
2:00 of 1st period - Snap shot by Dany Heatley.
2:00 of 1st period - Stopped by Pekka Rinne without a rebound.
2:01 of 1st period - Eric Staal wins face-off versus Antoine Vermette in Flames zone.
2:01 of 1st period - Eric Staal is hit by Antoine Vermette.
2:07 of 1st period - Shaone Morrisonn is hit by Eric Staal and loses puck.
2:49 of 1st period - David Hale is hit by Erik Johnson and loses puck.
3:14 of 1st period - Snap shot by Patrik Berglund.
3:14 of 1st period - Deflect By Craig Adams.
3:14 of 1st period - Shot Misses the Net.
3:14 of 1st period - Puck is out of play.
3:15 of 1st period - Patrik Berglund wins face-off versus Antoine Vermette in Sharks zone.
3:24 of 1st period - Snap shot by Mikhail Grabovski.
3:24 of 1st period - Stopped by Mike Brodeur with a rebound.
4:02 of 1st period - Slapshot by Adam Mair.
4:02 of 1st period - Stopped by Pekka Rinne with a rebound.
4:06 of 1st period - Slapshot by Alex Pietrangelo.
4:06 of 1st period - Stopped by Pekka Rinne without a rebound.
4:07 of 1st period - Adam Mair wins face-off versus Marcel Goc in Flames zone.
4:10 of 1st period - Snap shot by Martin Samuelsson.
4:10 of 1st period - Shot Misses the Net.
4:42 of 1st period - Snap shot by Michal Handzus.
4:42 of 1st period - Shot Blocked by Johnny Boychuk.
4:44 of 1st period - Wrist shot by Michal Handzus.
4:44 of 1st period - Deflect By Mark Bell.
4:44 of 1st period - Shot Blocked by Johnny Boychuk.
4:44 of 1st period - Puck is out of play.
4:45 of 1st period - Antoine Vermette wins face-off versus Eric Staal in Sharks zone.
4:45 of 1st period - Antoine Vermette is hit by David Backes.
6:26 of 1st period - Icing by Antoine Vermette.
6:27 of 1st period - Antoine Vermette wins face-off versus Eric Staal in Sharks zone.
6:35 of 1st period - Antoine Vermette beats up Filip Kuba.
6:35 of 1st period - Penalty to Antoine Vermette for Fighting.
6:35 of 1st period - Penalty to Filip Kuba for Fighting.
6:36 of 1st period - Eric Staal wins face-off versus Paul Gaustad in Flames zone.
7:08 of 1st period - Wrist shot by Brandon Yip.
7:08 of 1st period - Shot Blocked by Mark Bell.
7:24 of 1st period - Milan Hejduk is hit by Niklas Sundstrom and loses puck.
7:45 of 1st period - Daniel Alfredsson is hit by Derek Meech and loses puck.
7:50 of 1st period - Wrist shot by Patrik Berglund.
7:50 of 1st period - Shot Blocked by Johnny Boychuk.
8:17 of 1st period - Erik Johnson is hit by Lasse Kukkonen and loses puck.
8:43 of 1st period - Off-side.
8:44 of 1st period - Eric Staal wins face-off versus Paul Gaustad in neutral zone.
9:09 of 1st period - Tomas Kaberle is hit by Brandon Yip and loses puck.
9:35 of 1st period - Martin Samuelsson is hit by Milan Hejduk and loses puck.
9:56 of 1st period - Wrist shot by Ted Purcell.
9:56 of 1st period - Deflect By Markus Naslund.
9:56 of 1st period - Shot Blocked by Eric Staal.
9:56 of 1st period - Puck is out of play.
9:57 of 1st period - Michal Handzus wins face-off versus Paul Gaustad in Flames zone.
9:57 of 1st period - Michal Handzus is hit by Dany Heatley.
10:21 of 1st period - Brandon Yip is hit by David Backes and loses puck.
10:44 of 1st period - Niklas Sundstrom is hit by Marcel Goc and loses puck.
10:49 of 1st period - Wrist shot by Steve Regier.
10:49 of 1st period - Shot Blocked by Johnny Boychuk.
11:02 of 1st period - Minor Penalty to Michal Handzus for Interference.
11:03 of 1st period - Markus Naslund wins face-off versus Eric Staal in Flames zone.
11:05 of 1st period - Backhand shot by Dany Heatley.
11:05 of 1st period - Shot Blocked by Eric Staal.
11:17 of 1st period - Snap shot by Dany Heatley.
11:17 of 1st period - Shot Misses the Net.
11:35 of 1st period - Penalty to Filip Kuba is over, Filip Kuba is back on ice.
11:48 of 1st period - Icing by Daniel Alfredsson.
11:49 of 1st period - Paul Gaustad wins face-off versus Eric Staal in Sharks zone.
12:30 of 1st period - Jordin Tootoo is hit by Joe Sakic and loses puck.
13:02 of 1st period - Penalty to Michal Handzus is over, Michal Handzus is back on ice.
13:17 of 1st period - Slapshot by Tomas Kaberle.
13:17 of 1st period - Deflect By Patrik Berglund.
13:17 of 1st period - Shot Misses the Net.
13:17 of 1st period - Puck is out of play.
13:18 of 1st period - Adam Mair wins face-off versus Patrik Berglund in Sharks zone.
13:18 of 1st period - Adam Mair is hit by Craig Adams.
13:32 of 1st period - Wrist shot by Patrik Berglund.
13:32 of 1st period - Stopped by Mike Brodeur with a rebound.
14:04 of 1st period - Johnny Boychuk is hit by Eric Staal and loses puck.
14:28 of 1st period - Slapshot by Steve Eminger.
14:28 of 1st period - Shot Misses the Net.
14:30 of 1st period - Slapshot by Filip Kuba.
14:30 of 1st period - Shot Blocked by Joe Sakic.
14:32 of 1st period - Slapshot by Filip Kuba.
14:32 of 1st period - Shot Blocked by Joe Sakic.
14:44 of 1st period - Snap shot by Martin Samuelsson.
14:44 of 1st period - Stopped by Pekka Rinne with a rebound.
14:46 of 1st period - Slapshot by Francis Bouillon.
14:46 of 1st period - Stopped by Pekka Rinne with a rebound.
14:48 of 1st period - Snap shot by Adam Mair.
14:48 of 1st period - Shot Misses the Net.
15:04 of 1st period - Wrist shot by Ted Purcell.
15:04 of 1st period - Stopped by Pekka Rinne without a rebound.
15:05 of 1st period - Paul Gaustad wins face-off versus Eric Staal in Flames zone.
15:06 of 1st period - Wrist shot by Markus Naslund.
15:06 of 1st period - Shot Blocked by David Backes.
16:56 of 1st period - Snap shot by Brandon Yip.
16:56 of 1st period - Stopped by Pekka Rinne without a rebound.
16:57 of 1st period - Joe Sakic wins face-off versus Michal Handzus in Flames zone.
16:58 of 1st period - Snap shot by Tuomo Ruutu.
16:58 of 1st period - Stopped by Pekka Rinne with a rebound.
17:40 of 1st period - Snap shot by Tuomo Ruutu.
17:40 of 1st period - Shot Misses the Net.
17:44 of 1st period - Wrist shot by Brandon Yip.
17:44 of 1st period - Stopped by Pekka Rinne with a rebound.
17:50 of 1st period - Slapshot by Brandon Yip.
17:50 of 1st period - Stopped by Pekka Rinne without a rebound.
17:51 of 1st period - Eric Staal wins face-off versus Antoine Vermette in Flames zone.
18:18 of 1st period - Paul Gaustad is hit by Derek Meech and loses puck.
18:25 of 1st period - Derek Meech is hit by Paul Gaustad and loses puck.
18:38 of 1st period - Wrist shot by Craig Adams.
18:38 of 1st period - Shot Misses the Net.
18:40 of 1st period - Slapshot by Ron Hainsey.
18:40 of 1st period - Deflect By Francis Bouillon.
18:40 of 1st period - Stopped by Mike Brodeur without a rebound.
18:41 of 1st period - Adam Mair wins face-off versus Patrik Berglund in Sharks zone.
18:56 of 1st period - Snap shot by Patrik Berglund.
18:56 of 1st period - Stopped by Mike Brodeur with a rebound.
19:18 of 1st period - Snap shot by Dany Heatley.
19:18 of 1st period - Stopped by Pekka Rinne with a rebound.
19:44 of 1st period - Minor Penalty to Markus Naslund for Interference.
19:45 of 1st period - Joe Sakic wins face-off versus Eric Staal in Sharks zone.
19:45 of 1st period - Joe Sakic is hit by Eric Staal.
19:55 of 1st period - Johnny Boychuk is hit by David Backes and loses puck.
Goals for this period are 0 for Flames vs 0 for Sharks.
Shots for this period are 4 for Flames vs 11 for Sharks.
2nd period
0:01 of 2nd period - Eric Staal wins face-off versus Joe Sakic in neutral zone.
0:06 of 2nd period - Wrist shot by Dany Heatley.
0:06 of 2nd period - Shot Misses the Net.
0:26 of 2nd period - Dany Heatley is hit by Mark Bell.
0:36 of 2nd period - Slapshot by Tomas Kaberle.
0:36 of 2nd period - Shot Blocked by Daniel Alfredsson.
1:44 of 2nd period - Penalty to Markus Naslund is over, Markus Naslund is back on ice.
1:51 of 2nd period - Johnny Boychuk is hit by Michal Handzus and loses puck.
2:06 of 2nd period - Wrist shot by Adam Mair.
2:06 of 2nd period - Shot Hit the Post.
2:08 of 2nd period - Snap shot by Johnny Boychuk.
2:08 of 2nd period - Shot Blocked by Steve Eminger.
2:10 of 2nd period - Wrist shot by Tuomo Ruutu.
2:10 of 2nd period - Stopped by Pekka Rinne with a rebound.
2:12 of 2nd period - Slapshot by Tuomo Ruutu.
2:12 of 2nd period - Stopped by Pekka Rinne without a rebound.
2:13 of 2nd period - Patrik Berglund wins face-off versus Daniel Alfredsson in Flames zone.
2:41 of 2nd period - Markus Naslund is hit by Ron Hainsey and loses puck.
3:04 of 2nd period - Wrist shot by Joe Sakic.
3:04 of 2nd period - Stopped by Pekka Rinne with a rebound.
3:24 of 2nd period - Slapshot by Jordin Tootoo.
3:24 of 2nd period - Stopped by Mike Brodeur without a rebound.
3:25 of 2nd period - Paul Gaustad wins face-off versus Eric Staal in Sharks zone.
3:46 of 2nd period - Ted Purcell is hit by Eric Staal and loses puck.
3:59 of 2nd period - Wrist shot by Johnny Boychuk.
3:59 of 2nd period - Shot Misses the Net.
4:01 of 2nd period - Slapshot by David Hale.
4:01 of 2nd period - Shot Blocked by Filip Kuba.
4:03 of 2nd period - Wrist shot by Ted Purcell.
4:03 of 2nd period - Stopped by Pekka Rinne with a rebound.
4:07 of 2nd period - Snap shot by Paul Gaustad.
4:07 of 2nd period - Shot Misses the Net.
4:09 of 2nd period - Slapshot by Ted Purcell.
4:09 of 2nd period - Stopped by Pekka Rinne with a rebound.
4:11 of 2nd period - Slapshot by David Hale.
4:11 of 2nd period - Shot Misses the Net.
4:15 of 2nd period - Slapshot by Markus Naslund.
4:15 of 2nd period - Stopped by Pekka Rinne with a rebound.
4:28 of 2nd period - Wrist shot by Ted Purcell.
4:28 of 2nd period - Shot Blocked by Erik Johnson.
4:52 of 2nd period - Slapshot by Filip Kuba.
4:52 of 2nd period - Shot Blocked by Ted Purcell.
5:44 of 2nd period - Snap shot by Paul Gaustad.
5:44 of 2nd period - Deflect By Markus Naslund.
5:44 of 2nd period - Goal by Markus Naslund - Flames : 0 - Sharks : 1.
5:45 of 2nd period - Antoine Vermette wins face-off versus Michal Handzus in neutral zone.
5:53 of 2nd period - Snap shot by Dany Heatley.
5:53 of 2nd period - Shot Blocked by Tomas Kaberle.
6:58 of 2nd period - Snap shot by Mark Bell.
6:58 of 2nd period - Deflect By Michal Handzus.
6:58 of 2nd period - Shot Misses the Net.
6:58 of 2nd period - Puck is out of play.
6:59 of 2nd period - Marcel Goc wins face-off versus Antoine Vermette in Sharks zone.
7:09 of 2nd period - Off-side.
7:10 of 2nd period - Antoine Vermette wins face-off versus Michal Handzus in neutral zone.
7:10 of 2nd period - Dany Heatley is hit by Tomas Kaberle and loses puck.
7:43 of 2nd period - Snap shot by Milan Hejduk.
7:43 of 2nd period - Stopped by Mike Brodeur with a rebound.
7:45 of 2nd period - Wrist shot by Milan Hejduk.
7:45 of 2nd period - Shot Misses the Net.
7:47 of 2nd period - Slapshot by Tomas Kaberle.
7:47 of 2nd period - Goal by Tomas Kaberle - Flames : 1 - Sharks : 1.
7:48 of 2nd period - Eric Staal wins face-off versus Antoine Vermette in neutral zone.
7:51 of 2nd period - Snap shot by David Backes.
7:51 of 2nd period - Stopped by Mike Brodeur with a rebound.
8:05 of 2nd period - Wrist shot by Antoine Vermette.
8:05 of 2nd period - Stopped by Pekka Rinne without a rebound.
8:06 of 2nd period - Jordin Tootoo wins face-off versus Paul Gaustad in Flames zone.
8:12 of 2nd period - Alex Pietrangelo is hit by Steve Eminger and loses puck.
8:21 of 2nd period - Wrist shot by Michal Handzus.
8:21 of 2nd period - Deflect By Lasse Kukkonen.
8:21 of 2nd period - Shot Misses the Net.
8:21 of 2nd period - Puck is out of play.
8:22 of 2nd period - Dany Heatley wins face-off versus Eric Staal in Sharks zone.
8:38 of 2nd period - Minor Penalty to Daniel Alfredsson for Slashing.
8:39 of 2nd period - Joe Sakic wins face-off versus Eric Staal in Sharks zone.
8:47 of 2nd period - Slapshot by Joe Sakic.
8:47 of 2nd period - Stopped by Pekka Rinne without a rebound.
8:48 of 2nd period - Eric Staal wins face-off versus Joe Sakic in Flames zone.
9:14 of 2nd period - Wrist shot by Eric Staal.
9:14 of 2nd period - Shot Misses the Net.
9:28 of 2nd period - Wrist shot by Erik Johnson.
9:28 of 2nd period - Shot Misses the Net.
10:38 of 2nd period - Penalty to Daniel Alfredsson is over, Daniel Alfredsson is back on ice.
10:38 of 2nd period - Snap shot by Steve Regier.
10:38 of 2nd period - Deflect By Craig Adams.
10:38 of 2nd period - Stopped by Mike Brodeur without a rebound.
10:39 of 2nd period - Michal Handzus wins face-off versus Paul Gaustad in Sharks zone.
10:58 of 2nd period - Marcel Goc is hit by Dany Heatley and loses puck.
11:35 of 2nd period - Snap shot by Ted Purcell.
11:35 of 2nd period - Shot Misses the Net.
11:37 of 2nd period - Backhand shot by Markus Naslund.
11:37 of 2nd period - Shot Blocked by Filip Kuba.
11:51 of 2nd period - Snap shot by Mark Bell.
11:51 of 2nd period - Shot Misses the Net.
12:55 of 2nd period - Wrist shot by Antoine Vermette.
12:55 of 2nd period - Shot Blocked by Tomas Kaberle.
13:03 of 2nd period - Slapshot by Tomas Kaberle.
13:03 of 2nd period - Deflect By Dany Heatley.
13:03 of 2nd period - Stopped by Mike Brodeur with a rebound.
13:05 of 2nd period - Snap shot by Patrik Berglund.
13:05 of 2nd period - Shot Misses the Net.
13:07 of 2nd period - Snap shot by Mikhail Grabovski.
13:07 of 2nd period - Stopped by Mike Brodeur without a rebound.
13:08 of 2nd period - Eric Staal wins face-off versus Paul Gaustad in Sharks zone.
13:09 of 2nd period - Wrist shot by Alexander Semin.
13:09 of 2nd period - Stopped by Mike Brodeur without a rebound.
13:10 of 2nd period - Eric Staal wins face-off versus Paul Gaustad in Sharks zone.
13:15 of 2nd period - Slapshot by David Backes.
13:15 of 2nd period - Stopped by Mike Brodeur without a rebound.
13:16 of 2nd period - Paul Gaustad wins face-off versus Alexander Semin in Sharks zone.
13:18 of 2nd period - Minor Penalty to Paul Gaustad for High sticking.
13:19 of 2nd period - Alexander Semin wins face-off versus Joe Sakic in Sharks zone.
13:23 of 2nd period - Wrist shot by Eric Staal.
13:23 of 2nd period - Stopped by Mike Brodeur without a rebound.
13:24 of 2nd period - Joe Sakic wins face-off versus Eric Staal in Sharks zone.
15:18 of 2nd period - Penalty to Paul Gaustad is over, Paul Gaustad is back on ice.
15:26 of 2nd period - Adam Mair is hit by Craig Adams and loses puck.
15:37 of 2nd period - Wrist shot by Dany Heatley.
15:37 of 2nd period - Stopped by Pekka Rinne with a rebound.
15:48 of 2nd period - Icing by Alex Pietrangelo.
15:49 of 2nd period - Patrik Berglund wins face-off versus Paul Gaustad in Sharks zone.
16:00 of 2nd period - Steve Eminger is hit by Paul Gaustad and loses puck.
16:13 of 2nd period - Wrist shot by Marcel Goc.
16:13 of 2nd period - Shot Blocked by Brandon Yip.
17:03 of 2nd period - Snap shot by Adam Mair.
17:03 of 2nd period - Stopped by Pekka Rinne without a rebound.
17:04 of 2nd period - Eric Staal wins face-off versus Adam Mair in Flames zone.
17:19 of 2nd period - Snap shot by Eric Staal.
17:19 of 2nd period - Stopped by Mike Brodeur without a rebound.
17:20 of 2nd period - Antoine Vermette wins face-off versus Marcel Goc in Sharks zone.
17:31 of 2nd period - Slapshot by Marcel Goc.
17:31 of 2nd period - Stopped by Mike Brodeur with a rebound.
18:54 of 2nd period - Wrist shot by Marcel Goc.
18:54 of 2nd period - Stopped by Mike Brodeur with a rebound.
19:56 of 2nd period - Wrist shot by Daniel Alfredsson.
19:56 of 2nd period - Shot Misses the Net.
Goals for this period are 1 for Flames vs 1 for Sharks.
Shots for this period are 13 for Flames vs 11 for Sharks.
3rd period
0:01 of 3rd period - Antoine Vermette wins face-off versus Eric Staal in neutral zone.
0:08 of 3rd period - Wrist shot by Daniel Alfredsson.
0:08 of 3rd period - Shot Misses the Net.
0:10 of 3rd period - Slapshot by David Hale.
0:10 of 3rd period - Deflect By Daniel Alfredsson.
0:10 of 3rd period - Stopped by Pekka Rinne with a rebound.
0:12 of 3rd period - Slapshot by David Hale.
0:12 of 3rd period - Stopped by Pekka Rinne without a rebound.
0:13 of 3rd period - Eric Staal wins face-off versus Antoine Vermette in Flames zone.
0:18 of 3rd period - Snap shot by Tomas Kaberle.
0:18 of 3rd period - Shot Misses the Net.
0:51 of 3rd period - Wrist shot by Tuomo Ruutu.
0:51 of 3rd period - Shot Hit the Post.
0:53 of 3rd period - Snap shot by Tuomo Ruutu.
0:53 of 3rd period - Shot Blocked by Alexander Semin.
1:34 of 3rd period - Antoine Vermette is hit by Marcel Goc and loses puck.
1:57 of 3rd period - Snap shot by Adam Mair.
1:57 of 3rd period - Stopped by Pekka Rinne without a rebound.
1:58 of 3rd period - Paul Gaustad wins face-off versus Michal Handzus in Flames zone.
1:59 of 3rd period - Wrist shot by Ted Purcell.
1:59 of 3rd period - Stopped by Pekka Rinne with a rebound.
2:05 of 3rd period - David Hale is hit by Michal Handzus.
2:49 of 3rd period - Tuomo Ruutu is hit by Eric Staal and loses puck.
3:55 of 3rd period - Snap shot by Dany Heatley.
3:55 of 3rd period - Stopped by Pekka Rinne without a rebound.
3:55 of 3rd period - Minor Penalty to Pekka Rinne for Slashing.
3:56 of 3rd period - Eric Staal wins face-off versus Antoine Vermette in Flames zone.
4:11 of 3rd period - Slapshot by Antoine Vermette.
4:11 of 3rd period - Shot Blocked by Erik Johnson.
4:13 of 3rd period - Wrist shot by Ted Purcell.
4:13 of 3rd period - Shot Blocked by Filip Kuba.
5:26 of 3rd period - Erik Johnson is hit by Daniel Alfredsson and loses puck.
5:55 of 3rd period - Penalty to Steve Eminger is over, Steve Eminger is back on ice.
6:15 of 3rd period - Francis Bouillon is hit by Mikhail Grabovski and loses puck.
6:33 of 3rd period - Minor Penalty to Marcel Goc for High sticking.
6:34 of 3rd period - Antoine Vermette wins face-off versus Eric Staal in Flames zone.
6:36 of 3rd period - Wrist shot by Antoine Vermette.
6:36 of 3rd period - Shot Blocked by Filip Kuba.
6:38 of 3rd period - Snap shot by Lasse Kukkonen.
6:38 of 3rd period - Shot Misses the Net.
7:07 of 3rd period - Snap shot by Daniel Alfredsson.
7:07 of 3rd period - Goal by Daniel Alfredsson - Flames : 1 - Sharks : 2.
7:08 of 3rd period - Daniel Alfredsson wins face-off versus Alexander Semin in neutral zone.
7:11 of 3rd period - Wrist shot by Antoine Vermette.
7:11 of 3rd period - Stopped by Pekka Rinne without a rebound.
7:12 of 3rd period - Eric Staal wins face-off versus Antoine Vermette in Flames zone.
7:12 of 3rd period - Eric Staal is hit by Daniel Alfredsson.
7:24 of 3rd period - Snap shot by Eric Staal.
7:24 of 3rd period - Deflect By Antoine Vermette.
7:24 of 3rd period - Stopped by Mike Brodeur without a rebound.
7:25 of 3rd period - Dany Heatley wins face-off versus Eric Staal in Sharks zone.
7:25 of 3rd period - Dany Heatley is hit by Alexander Semin.
7:47 of 3rd period - Minor Penalty to Eric Staal for Holding.
7:48 of 3rd period - David Backes wins face-off versus Antoine Vermette in Flames zone.
9:47 of 3rd period - Penalty to Eric Staal is over, Eric Staal is back on ice.
9:54 of 3rd period - Slapshot by Markus Naslund.
9:54 of 3rd period - Deflect By Martin Samuelsson.
9:54 of 3rd period - Stopped by Pekka Rinne without a rebound.
9:55 of 3rd period - Patrik Berglund wins face-off versus Markus Naslund in Flames zone.
9:55 of 3rd period - Patrik Berglund is hit by Martin Samuelsson.
10:05 of 3rd period - Craig Adams is hit by Markus Naslund and loses puck.
10:26 of 3rd period - Slapshot by Markus Naslund.
10:26 of 3rd period - Shot Misses the Net.
10:52 of 3rd period - Off-side.
10:53 of 3rd period - Eric Staal wins face-off versus Paul Gaustad in neutral zone.
11:18 of 3rd period - Jordin Tootoo is hit by Johnny Boychuk and loses puck.
11:37 of 3rd period - Wrist shot by Tuomo Ruutu.
11:37 of 3rd period - Stopped by Pekka Rinne without a rebound.
11:38 of 3rd period - Joe Sakic wins face-off versus Marcel Goc in Flames zone.
11:45 of 3rd period - Slapshot by Joe Sakic.
11:45 of 3rd period - Deflect By Tuomo Ruutu.
11:45 of 3rd period - Shot Misses the Net.
11:45 of 3rd period - Puck is out of play.
11:46 of 3rd period - Eric Staal wins face-off versus Daniel Alfredsson in Flames zone.
11:46 of 3rd period - Eric Staal is hit by Daniel Alfredsson.
12:31 of 3rd period - Backhand shot by Daniel Alfredsson.
12:31 of 3rd period - Stopped by Pekka Rinne with a rebound.
12:33 of 3rd period - Snap shot by Daniel Alfredsson.
12:33 of 3rd period - Stopped by Pekka Rinne with a rebound.
12:35 of 3rd period - Backhand shot by Alex Pietrangelo.
12:35 of 3rd period - Stopped by Pekka Rinne without a rebound.
12:36 of 3rd period - Paul Gaustad wins face-off versus Eric Staal in Flames zone.
12:39 of 3rd period - Snap shot by Paul Gaustad.
12:39 of 3rd period - Shot Blocked by Alexander Semin.
12:41 of 3rd period - Minor Penalty to Eric Staal for Cross-checking.
12:42 of 3rd period - David Backes wins face-off versus Antoine Vermette in Flames zone.
12:42 of 3rd period - David Backes is hit by Antoine Vermette.
13:59 of 3rd period - Erik Johnson is hit by Antoine Vermette and loses puck.
14:41 of 3rd period - Penalty to Eric Staal is over, Eric Staal is back on ice.
14:55 of 3rd period - Derek Meech is hit by Lasse Kukkonen and loses puck.
15:10 of 3rd period - Ron Hainsey is hit by Markus Naslund and loses puck.
15:27 of 3rd period - Shaone Morrisonn is hit by David Backes and loses puck.
16:02 of 3rd period - Wrist shot by Alexander Semin.
16:02 of 3rd period - Shot Blocked by Lasse Kukkonen.
16:32 of 3rd period - David Hale is hit by Alexander Semin and loses puck.
16:43 of 3rd period - Martin Samuelsson is hit by Mikhail Grabovski.
16:58 of 3rd period - Ted Purcell is hit by Steve Regier and loses puck.
17:03 of 3rd period - Backhand shot by Marcel Goc.
17:03 of 3rd period - Stopped by Mike Brodeur with a rebound.
17:27 of 3rd period - Brandon Yip is hit by Jordin Tootoo and loses puck.
18:34 of 3rd period - Minor Penalty to Lasse Kukkonen for Tripping.
18:35 of 3rd period - Joe Sakic wins face-off versus David Backes in Sharks zone.
18:46 of 3rd period - Flames, Pekka Rinne is pulled from the net.
18:48 of 3rd period - Snap shot by David Backes.
18:48 of 3rd period - Shot Misses the Net.
18:50 of 3rd period - Snap shot by Eric Staal.
18:50 of 3rd period - Shot Misses the Net.
Goals for this period are 0 for Flames vs 1 for Sharks.
Shots for this period are 2 for Flames vs 12 for Sharks.
Output by the SimonT Hockey Simulator (STHS) for François Prévost -- Original Page W3C XHTML 1.0 Valid